 Dungeon Crawl Stone Soup version 0.19-a0-1931-gf4bb0bd (webtiles) character file.

8341 Arkorax the Cleaver (level 11, -11/145 HPs)
             Began as a Demonspawn Fighter on Oct 25, 2016.
             Was a High Priest of Okawaru.
             Mangled by a cyclops (16 damage)
             ... on level 11 of the Dungeon.
             The game lasted 00:12:26 (9162 turns).

Arkorax the Cleaver (Demonspawn Fighter)            Turns: 9162, Time: 00:12:27

Health: -11/145    AC: 25    Str: 25    XL:     11   Next: 8%
Magic:  11/11      EV:  2    Int: 10    God:    Okawaru [*****.]
Gold:   272        SH:  0    Dex: 12    Spells: 0 memorised, 10 levels left

rFire  . . .     SeeInvis .     q - +0 battleaxe (freeze)
rCold  + . .     Gourm    .     (armour currently unavailable)
rNeg   + + +     Faith    .     (shield currently unavailable)
rPois  +         Spirit   .     (helmet currently unavailable)
rElec  .         Reflect  .     (cloak currently unavailable)
rCorr  .         Harm     .     (gloves currently unavailable)
MR     .....     NoTele   +     (boots currently unavailable)
Stlth  +.........               M - amulet of rage
                                (no ring)
                                v - ring of protection from cold

@: mighty, tree-form
A: (horns 0), (yellow scales 0), powered by death 2, powered by pain 1, robust 1
a: Heroism, Finesse, Renounce Religion, Evoke Berserk Rage


You were on level 11 of the Dungeon.
You worshipped Okawaru.
Okawaru was extremely pleased with you.
You were not hungry.
You were a tree.
You visited 2 branches of the dungeon, and saw 12 of its levels.
You also visited: Sewer.

You collected 538 gold pieces.
You spent 266 gold pieces at shops.

Inventory:

Hand Weapons
 a - a +0 war axe
 e - a +2 flail of protection
   (You took it off an orc on level 4 of the Dungeon)
 q - a +0 battleaxe of freezing (weapon)
   (You acquired it on level 11 of the Dungeon)
 P - a +1 hand axe of flaming
   (You took it off a big kobold on level 11 of the Dungeon)
Missiles
 d - 10 javelins (quivered)
 J - 4 silver javelins
Armour
 b - a +2 pair of boots (melded)
 r - a +0 pair of gloves (melded)
 w - the +8 chain mail of Vehumet's Whim (melded) {Str+2 Slay+2}
   (You bought it in a shop on level 7 of the Dungeon)

   It affects your strength (+2).
   It affects your accuracy and damage with ranged weapons and melee attacks
   (+2).
Jewellery
 v - a ring of protection from cold (left branch)
 M - an amulet of rage (around neck)
Wands
 C - a wand of acid (2/15)
 G - a wand of acid (3/15)
 I - a wand of digging (17/24)
 Q - a wand of acid (3/15)
 U - a wand of iceblast (5/15)
 Z - a wand of acid (10/15)
Scrolls
 c - a scroll of fog
 g - 2 scrolls of teleportation {!r}
 k - 12 scrolls of identify
 l - a scroll of recharging
 n - 4 scrolls of amnesia
 y - a scroll of enchant armour
 B - 3 scrolls of remove curse
 N - a scroll of immolation {!r}
Potions
 h - a potion of mutation {unknown}
 i - a potion of agility {unknown}
 j - a potion of ambrosia {unknown}
 p - 2 potions of resistance {unknown}
 s - a potion of might {!q}
 u - 2 potions of curing {unknown}
 x - a potion of cure mutation {unknown}
 z - 2 potions of degeneration {unknown}
 A - a potion of invisibility {unknown}
 D - a potion of haste {!q}
 E - a potion of brilliance {!q}
 H - 2 potions of lignification {!q}
 S - a potion of heal wounds {unknown}
Books
 T - a book of Necromancy
 Y - a book of Geomancy
Comestibles
 f - 8 bread rations {!e}
 m - 8 meat rations {!e}
 K - 2 beef jerkies
 O - 16 fruits
 R - 7 slices of pizza


   Skills:
 + Level 9.2 Fighting
 * Level 11.3 Axes
 + Level 8.2 Armour
   Level 2.6 Shields


You had 10 spell levels left.
You didn't know any spells.

Dungeon Overview and Level Annotations

Branches:
Dungeon (11/15)            Temple (1/1) D:4            Lair (0/6) D:11
    Orc: D:9-12

Altars:
Ashenzari
Dithmenos
Elyvilon
Fedhas
Gozag
Hepliaklqana
Okawaru
Uskayaw
Xom
Yredelemnul
The Shining One

Shops:
D:6 :   D:7 :[}[   D:8 }

Annotations:
D:3 Vesto's ghost, novice FoFi


Innate Abilities, Weirdness & Mutations

((You have a pair of horns on your head.))
((You are partially covered in yellow scales. (AC +2)))
You regenerate health from kills.
You sometimes gain a little power by taking damage.
You are robust. (+10% HP)


Message History

Damage: 29 (max 29) Ye closely miss tha red ugly thin'.
Tha red ugly thin' be lightly wounded.
Tha red ugly thin' barely misses ye.
Unknown command.
Ye slash tha red ugly thin'!
Ye freeze tha red ugly thin'.
Tha red ugly thin' be heavily wounded.
Tha red ugly thin' claws ye but does nay damage.
Ye closely miss tha red ugly thin'.
Tha red ugly thin' be heavily wounded.
Tha red ugly thin' claws ye but does nay damage.
Unknown command.
Ye hit tha red ugly thin'.
Ye freeze tha red ugly thin'.
Ye headbutt tha red ugly thin'!
Tha red ugly thin' be severely wounded.
Tha red ugly thin' claws ye but does nay damage.
Ye barely miss tha red ugly thin'.
Tha red ugly thin' be severely wounded.
Tha red ugly thin' claws ye.
* * * LOW HITPOINT WARNIN'
* * * Ye be 'ngulfed in flames!!
* * * LOW HITPOINT WARNIN'
* * * Damage: 24 (max 29) Tha red ugly thin' claws ye but does nay damage.
Okay, than.
Re'lly read
t - a scroll o' fear {!r}?
As ye read tha scroll o' fear {!r}, it crumbles ta dust.
Ye assume a fearsome visage.
Tha red ugly thin' looks frighten'd!
Re'lly read
g - 3 scrolls o' teleportation {!r}?
As ye read tha scroll o' teleportation {!r}, it crumbles ta dust.
Ye feel strangely unst'ble.
Thar be an op'n door 'ere.
Yer surroundin's sudd'nly seem different.
Tha cyclops shouts!
A hound comes inta view.
Tha hound barks!
Tha cyclops throws a large rock.
Tha large rock hits ye!!
* * * LOW HITPOINT WARNIN'
* * * Ye focus on tha pain.
Ye feel mightier all o' a sudd'n.
Ye see 'ere a large rock.
Damage: 22 (max 22) Okay, than.
Tha cyclops barely misses ye.
It was a potion o' lignification.
Ye turn inta a tree.
Yer +0 pair o' gloves melds inta yer body.
Yer +2 pair o' boots melds inta yer body.
Tha +8 chain mail o' Vehumet's Whim {Str+2 Slay+2} melds inta yer body.
Yer roots penetrate tha ground.
Tha cyclops hits ye!
Ye die...

*,*,#...#.....#...#..#(##****,#..
,,,,#...#.....#...'..8'8#,,_,,#..
,,,,#.............#.....#⌠,,,##..
*,*,#...........#9#.....######...
,,,,#.....>..#......J.......9.u..
,,,,#............#.........Q.....
*,*,#........#h..#.....##########
,,,,#..#.....#...(.....#
,,,,#...........♣'.....#
*,*,#..#.....#.C.......#
,,,,#.,##..######......#
,,,,*,,,#..#####.......##
*,*,*,,,##.......#..../.#
,,,,*,,,*#.##########...##
,,,,*,,,*#.#.....#..#....#
*,*,*,,,*#.#≈....'..#..#.#
,,,,*,***#.#..P..'..##.#.##


You could see a cyclops, a gargoyle, a hound and a jelly.

Vanquished Creatures
  A hydra (D:11)
  A hill giant (D:9)
  An ugly thing (D:11)
  Joseph (D:8)
  A two-headed ogre (D:9)
  2 dream sheep (D:11)
  A hippogriff (D:7)
  6 yaks
  Grum (D:7)
  A hungry ghost (D:8)
  The ghost of ScarCow the Ruffian, an amateur DrTm (D:4)
  Menkaure (D:7)
  An orc warrior (D:9)
  3 sky beasts
  2 ice beasts
  A centaur (D:6)
  2 wolves (D:7)
  A necrophage (D:10)
  8 ogres
  9 big kobolds
  2 bullfrogs
  2 gnoll sergeants
  A wyvern skeleton (D:11)
  4 scorpions
  6 killer bees (D:8)
  An electric eel (D:11)
  6 crimson imps
  A jelly (D:7)
  A centaur skeleton (D:11)
  4 hounds
  4 bullfrog skeletons
  3 iguanas
  6 worker ants
  4 orc wizards
  A hound zombie (D:5)
  A hound skeleton (D:4)
  19 gnolls
  14 adders
  A river rat (Sewer)
  A shadow imp (D:7)
  6 oozes (Sewer)
  2 adder zombies
  An adder skeleton (D:7)
  7 worms
  2 dart slugs
  18 orcs
  6 ball pythons
  6 giant cockroaches
  5 goblins
  3 hobgoblins
  44 jackals
  6 quokkas
  3 bats
  4 frilled lizards
  16 kobolds
  A leopard gecko zombie (D:5)
  A quokka skeleton (D:6)
  14 rats
272 creatures vanquished.

Notes
Turn   | Place    | Note
-------+----------+-------------------------------------------
     0 | D:1      | Arkorax the Demonspawn Fighter began the quest for the Orb.
     0 | D:1      | Reached XP level 1. HP: 18/18 MP: 1/1
   127 | D:1      | Reached skill level 2 in Axes
   414 | D:1      | Gained mutation: You regenerate a little health from kills. [demonic ancestry]
   414 | D:1      | Reached XP level 2. HP: 24/24 MP: 2/2
   773 | D:2      | You fall through a shaft!
   814 | D:3      | Gained mutation: You have a pair of small horns on your head. [demonic ancestry]
   814 | D:3      | Reached XP level 3. HP: 18/29 MP: 3/3
   910 | D:3      | Reached skill level 3 in Armour
   967 | D:3      | Noticed Vesto's ghost (novice FoFi)
   998 | D:2      | Reached skill level 3 in Axes
  1073 | D:2      | Reached XP level 4. HP: 12/35 MP: 4/4
  1930 | D:3      | HP: 7/37 [Vesto's ghost (9)]
  2233 | D:3      | Reached XP level 5. HP: 41/42 MP: 5/5
  2302 | D:4      | Reached skill level 4 in Axes
  2325 | D:4      | Noticed ScarCow's ghost (amateur DrTm)
  2342 | D:4      | Killed ScarCow's ghost
  2342 | D:4      | Reached skill level 4 in Fighting
  2342 | D:4      | Gained mutation: You sometimes gain a little power by taking damage. [demonic ancestry]
  2342 | D:4      | Reached XP level 6. HP: 27/48 MP: 6/6
  2692 | D:4      | Reached skill level 4 in Armour
  2807 | D:4      | Reached skill level 5 in Axes
  2833 | D:4      | HP: 14/49 [poisoned by a scorpion]
  2841 | D:4      | HP: 14/49 [poisoned by a scorpion]
  2849 | D:4      | HP: 13/49 [poisoned by a scorpion]
  3166 | D:4      | Found a staircase to the Ecumenical Temple.
  3183 | Temple   | Entered the Ecumenical Temple
  3278 | Temple   | Became a worshipper of Warmaster Okawaru
  3362 | D:4      | Gained mutation: You regenerate health from kills. [demonic ancestry]
  3362 | D:4      | Reached XP level 7. HP: 53/55 MP: 7/7
  3464 | D:5      | Entered Level 5 of the Dungeon
  3628 | D:5      | Found a glowing drain.
  3643 | Sewer    | Entered a sewer
  3799 | Sewer    | Reached skill level 5 in Fighting
  4010 | Sewer    | Reached skill level 6 in Axes
  4133 | Sewer    | Reached XP level 8. HP: 47/63 MP: 8/8
  4394 | D:5      | Reached * piety under Okawaru
  4394 | D:5      | Reached skill level 5 in Armour
  4837 | D:6      | Reached skill level 7 in Axes
  4972 | D:6      | Found Kozxaem's Book Shoppe.
  4999 | D:6      | Reached skill level 6 in Fighting
  5177 | D:6      | Found a glowing golden altar of the Shining One.
  5194 | D:6      | Reached ** piety under Okawaru
  5206 | D:6      | Reached skill level 8 in Axes
  5217 | D:6      | Gained mutation: You are partially covered in yellow scales. (AC +2) [demonic ancestry]
  5217 | D:6      | Reached XP level 9. HP: 71/71 MP: 9/9
  5550 | D:7      | Noticed Menkaure
  5552 | D:7      | HP: 19/71 [??? (17)]
  5560 | D:7      | Killed Menkaure
  5560 | D:7      | Reached skill level 6 in Armour
  5857 | D:7      | Found Ihehicag's Antique Armour Shop.
  5865 | D:7      | Bought an aquamarine-studded chain mail for 266 gold pieces
  5875 | D:7      | Identified the +8 chain mail of Vehumet's Whim {Str+2 Slay+2} (You bought it in a shop on level 7 of the Dungeon)
  5936 | D:7      | Found Baiclito's Armour Emporium.
  5960 | D:7      | Found Nibb's Book Boutique.
  6037 | D:7      | Found Suoror's Gadget Boutique.
  6044 | D:7      | Reached *** piety under Okawaru
  6098 | D:7      | Reached skill level 7 in Fighting
  6479 | D:8      | Noticed Grum
  6493 | D:7      | Reached skill level 9 in Axes
  6512 | D:7      | Killed Grum
  6563 | D:8      | Noticed Joseph
  6583 | D:8      | Killed Joseph
  6583 | D:8      | Received a gift from Okawaru
  6728 | D:8      | Paralysed by fainting for 9 turns
  6810 | D:8      | Found Omarghi's Gadget Shop.
  6841 | D:8      | Reached **** piety under Okawaru
  6841 | D:8      | Reached skill level 7 in Armour
  6841 | D:8      | Gained mutation: You have a pair of horns on your head. [demonic ancestry]
  6841 | D:8      | Reached XP level 10. HP: 74/80 MP: 7/10
  7014 | D:8      | Found a white marble altar of Elyvilon.
  7277 | D:9      | Reached skill level 8 in Fighting
  7319 | D:9      | Reached skill level 10 in Axes
  7524 | D:9      | Noticed a hill giant
  7540 | D:9      | Killed a hill giant
  7871 | D:10     | Entered Level 10 of the Dungeon
  8574 | D:11     | Identified a scroll of acquirement
  8616 | D:11     | Reached ***** piety under Okawaru
  8618 | D:11     | Reached skill level 11 in Axes
  8634 | D:11     | Noticed a two-headed hydra
  8638 | D:11     | Killed a one-headed hydra
  8638 | D:11     | Reached skill level 9 in Fighting
  8638 | D:11     | Reached skill level 8 in Armour
  8638 | D:11     | Gained mutation: You are robust. (+10% HP) [demonic ancestry]
  8638 | D:11     | Reached XP level 11. HP: 83/97 MP: 11/11
  8725 | D:11     | Noticed a brown ugly thing
  8736 | D:11     | Killed a brown ugly thing
  8780 | D:11     | Noticed a red ugly thing
  9118 | D:11     | Found a shattered altar of Ashenzari.
  9152 | D:11     | HP: 23/97 [red ugly thing (20)]
  9160 | D:11     | HP: 3/97 [cyclops/large rock (22)]
  9162 | D:11     | Mangled by a cyclops

Vault maps used:
D:1:      minmay_arrival_four_circles
D:2:      first_bread
D:3:      minmay_misc_feat_columns, kennysheep_boxes
D:5:      portal_sewer_entry_a
D:6:      tso_oasis_becter, serial_shops, nicolae_shop_behind_doors
D:7:      serial_shops, nicolae_shop_crystal, shop, shop, nicolae_shop_trees,
          uniq_menkaure
D:8:      kennysheep_mini_moat, serial_shops, shop, uniq_grum, uniq_joseph
D:9:      nicolae_overflow_hidden_temple
D:10:     serial_glass, glass_columns_a, glass_columns_b, glass_columns_c,
          glass_columns_a
D:11:     david_lair_shrubbed, basic_altar, hangedman_ranch,
          columned_hall_lemuel, minmay_misc_feat_encased, nicolae_water_bricks,
          jmf_multi_god_temple2
Temple:   dpeg_five_rooms_temple
Sewer:    sewer_co_tree

Skill      XL: |  1  2  3  4  5  6  7  8  9 10 |
---------------+-------------------------------+-----
Axes           | 2 3 4 5 6 8 9 11 | 11.3
Armour         | 3 4 5 7 8 |  8.2
Fighting       | 4 5 6 7 9 |  9.2
Shields        | |  2.6

Action                   |  1- 3 |  4- 6 |  7- 9 | 10-12 || total
-------------------------+-------+-------+-------+-------++-------
Melee: War axe           |   118 |   125 |       |       ||   243
       Headbutt          |     8 |    26 |    95 |    43 ||   172
       Hand axe          |       |    42 |   519 |   160 ||   721
       Battleaxe         |       |       |       |    55 ||    55
Invok: Heroism           |       |       |     2 |     1 ||     3
Evoke: Wand              |       |       |     1 |     1 ||     2
  Use: Potion            |     4 |       |       |     1 ||     5
       Scroll            |       |       |       |    17 ||    17
  Eat: Chunk             |     1 |     3 |    15 |     8 ||    27
       Bread ration      |       |     1 |       |       ||     1
Armor: Chain mail        |   114 |    38 |    93 |   128 ||   373
       Scale mail        |    13 |       |       |       ||    13
       Plate armour      |       |    91 |   286 |       ||   377
Dodge: Dodged            |    73 |    73 |   161 |    67 ||   374

Table legend:
 A = Turns spent in this place as a percentage of turns spent in the entire game.
 B = Non-inter-level travel turns spent in this place as a percentage of non-inter-level travel turns spent in the entire game.
 C = Inter-level travel turns spent in this place as a percentage of turns spent in this place.
 D = Turns resting spent in this place as a percentage of non-inter-level travel turns spent in this place.
 E = Turns spent auto-exploring this place as a percentage of non-inter-level travel turns spent in this place.
 F = Non-inter-level travel turns spent in this place divided by the number of levels of this place that you've seen.
                   A       B       C       D       E      F
               +-------+-------+-------+-------+-------+----------------------
         Total | 100.0 | 100.0 |   0.7 |   1.3 |  11.1 | 257.5
       Dungeon |  88.5 |  88.5 |   0.7 |   1.5 |  11.3 | 269.2
        Temple |   0.4 |   0.4 |  14.3 |   0.0 |  58.3 |  12.0
         Sewer |  11.1 |  11.2 |   0.0 |   0.0 |   7.8 | 374.0
               +-------+-------+-------+-------+-------+----------------------

Vault maps used:
D:1:      minmay_arrival_four_circles
D:2:      first_bread
D:3:      minmay_misc_feat_columns, kennysheep_boxes
D:5:      portal_sewer_entry_a
D:6:      tso_oasis_becter, serial_shops, nicolae_shop_behind_doors
D:7:      serial_shops, nicolae_shop_crystal, shop, shop, nicolae_shop_trees,
          uniq_menkaure
D:8:      kennysheep_mini_moat, serial_shops, shop, uniq_grum, uniq_joseph
D:9:      nicolae_overflow_hidden_temple
D:10:     serial_glass, glass_columns_a, glass_columns_b, glass_columns_c,
          glass_columns_a
D:11:     david_lair_shrubbed, basic_altar, hangedman_ranch,
          columned_hall_lemuel, minmay_misc_feat_encased, nicolae_water_bricks,
          jmf_multi_god_temple2
Temple:   dpeg_five_rooms_temple
Sewer:    sewer_co_tree
